 Dungeon Crawl Stone Soup version 0.30-a0-946-gec5dcfc036 (console) character file.

Game seed: 15580611711118329642

28 utis the Poker (level 3, -7/20 HPs)
             Began as a Tengu Wanderer on Mar 26, 2023.
             Killed from afar by Sigmund (10 damage)
             ... with a magic dart
             ... on level 2 of the Dungeon.
             The game lasted 00:04:35 (1324 turns).

utis the Poker (Tengu Wanderer)                     Turns: 1324, Time: 00:04:35

Health: -7/20      AC:  2    Str: 14    XL:     3   Next: 14%
Magic:  5/5        EV: 12    Int: 13    God:
Gold:   68         SH:  0    Dex: 12    Spells: 0/4 levels left

rFire   . . .      SeeInvis .    a - +2 dagger (elec)
rCold   . . .      Faith    .    (no shield)
rNeg    . . .      Spirit   .    e - +0 robe
rPois   .          Reflect  .    (helmet restricted)
rElec   .          Rampage  .    (no cloak)
rCorr   .                        (no gloves)
Will    .....                    (boots unavailable)
Stlth   ++                       (no amulet)
HPRegen 0.23/turn                (no ring)
MPRegen 0.09/turn                (no ring)

@: no status effects
A: beak, talons 3
a: no special abilities


You were on level 2 of the Dungeon.
You visited 1 branch of the dungeon, and saw 2 of its levels.

You collected 68 gold pieces.

Inventory:

Hand Weapons
 a - a +2 dagger of electrocution (weapon)
 c - a +0 dagger
 g - a +0 trident
Missiles
 b - 13 poisoned darts (quivered)
Armour
 e - a +0 robe (worn)
Magical Staves
 l - a staff of poison {!a}
Scrolls
 d - 2 scrolls of teleportation {@r4}
 f - a scroll of noise {unknown}
 k - a scroll of acquirement {unknown}
 m - a scroll of torment {unknown}
Potions
 h - a potion of might {unknown}
 i - 2 potions of haste {unknown}
 j - 2 potions of heal wounds {unknown}


   Skills:
 + Level 1.2 Fighting
 + Level 1.1 Short Blades
 - Level 4.5 Polearms
 - Level 1.0 Throwing
 + Level 1.4 Dodging
 - Level 1.0 Stealth
 - Level 1.0 Spellcasting
 + Level 0.0 Necromancy
 + Level 2.7 Air Magic
 + Level 0.0 Poison Magic
 - Level 1.0 Evocations


You couldn't memorise any spells.
You knew the following spells:

 Your Spells              Type           Power      Damage    Failure   Level
X - Cigotuvi's Dreadful   Necr/Pois/Air  6%         N/A       28%         2
Y - Poisonous Vapours     Pois/Air       8%         N/A       24%         2

Your spell library contained the following spells:

 Spells                   Type           Power      Damage    Failure   Level
 Mephitic Cloud           Conj/Pois/Air  3%         N/A       52%         3


Dungeon Overview and Level Annotations

Branches:
Dungeon (2/15)

Altars:

Annotations:
D:2 Sigmund


Innate Abilities, Weirdness & Mutations

You have a beak for a mouth.
You have claws for feet.


Message History

You kill the goblin!
No target in view!
HP restored.
Things that are here:
a +0 dagger; a goblin corpse
Found a stone staircase leading up.
m - a scroll labelled QORYEGUQYUCE Sigmund the Dreaded comes into view.
He is wielding a +0 scythe.
Sigmund shouts!
Sigmund gestures at you while chanting. The magic dart hits you.
Sigmund is nearby!
Sigmund casts a spell.
Sigmund flickers and vanishes!
Deactivating autopickup; reactivate with Ctrl-A.
There is a stone staircase leading up here.
You climb upwards.
Reactivating autopickup.
There is a stone staircase leading down here.
You start waiting.
Done waiting.
You start waiting.
Done waiting.
You climb downwards.
Level annotation: Sigmund Sigmund casts a spell at you.
The magic dart hits you!
There is a stone staircase leading up here.
Sigmund barely misses you.
You closely miss Sigmund. You claw Sigmund.
Sigmund is lightly wounded.
Sigmund hits you with a +0 scythe!
Ouch! That really hurt!
* * * LOW HITPOINT WARNING * * *
You closely miss Sigmund. You claw Sigmund.
Sigmund is moderately wounded.
Sigmund gestures at you while chanting. The magic dart hits you!
Ouch! That really hurt!
You die...

░........░
░........░░░░░░░.░
░........░........
░.......)......░
░........░.░░░.░
░........░.░.░
░........░.░<░
░░░...░░.░.░.░
░.░.░░.░.░Q░
░.░.░░.░.░@░
░.░....░.░.░░░░░░░
..... ░░.░.......░
.. ░......░░.░
░░░░░.░░ ░.░░░.░
░...@.░ ░░░░░░░


You could see Sigmund.

Vanquished Creatures
  A ball python (D:1)
  3 endoplasms (D:1)
  A giant cockroach (D:1)
  2 hobgoblins (D:1)
  2 jackals (D:1)
  A quokka (D:1)
  2 frilled lizards (D:1)
  4 goblins
  6 kobolds (D:1)
  3 rats (D:1)
25 creatures vanquished.

Notes
Turn   | Place    | Note
-------+----------+-------------------------------------------
     0 | D:1      | utis the Tengu Wanderer began the quest for the Orb.
     0 | D:1      | utis set off with the following items: a +0 trident, 11
                  | poisoned darts, a +0 dagger, a scroll of teleportation
                  | {@r4}, a +0 robe; and the following spells available to
                  | memorise: Poisonous Vapours, Cigotuvi's Dreadful Rot.
     0 | D:1      | Reached XP level 1. HP: 10/10 MP: 3/3
   213 | D:1      | Reached XP level 2. HP: 15/16 MP: 4/4
   439 | D:1      | Reached skill level 1 in Dodging
   498 | D:1      | Reached skill level 1 in Fighting
   560 | D:1      | Reached skill level 1 in Short Blades
   663 | D:1      | Reached XP level 3. HP: 14/20 MP: 5/5
   790 | D:1      | Learned a level 2 spell: Poisonous Vapours
   793 | D:1      | Learned a level 2 spell: Cigotuvi's Dreadful Rot
  1107 | D:2      | Noticed Sigmund
  1324 | D:2      | Killed from afar by Sigmund

Illustrated notes

Levels and vault maps discovered:
D:1:      amcnicky_arrival_flooded_fountain, layout_loops_cross, serial_forest,
          infiniplex_forest_lined_corner, infiniplex_forest_clump_tiny,
          infiniplex_forest_clump_tiny, infiniplex_forest_straight_2,
          infiniplex_forest_end_3, infiniplex_forest_pool,
          infiniplex_forest_end_3
D:2:      layout_basic, shapermc_ecumenical_altar_venn, basic_altar,
          kennysheep_minor_cross, uniq_sigmund

Skill      XL: |  1  2 |
---------------+-------+-----
Dodging        | 1 |  1.4
Fighting       | 1 |  1.2
Short Blades   | 1 |  1.1
Polearms       | |  4.5
Throwing       | |  1.0
Stealth        | |  1.0
Spellcasting   | |  1.0
Air Magic      | |  2.7
Evocations     | |  1.0

Action                     || total
---------------------------++-------
  Melee: Trident           ||     6
         Dagger            ||    44
         Kick              ||     7
         Peck              ||     2
   Stab: Sleeping          ||     3
 Armour: Robe              ||     9
  Dodge: Dodged            ||    11

Table legend: (Time is in decaauts)
 A = Elapsed time spent in this place.
 B = Non-inter-level travel time spent in this place.
 C = Inter-level travel time spent in this place.
 D = Time resting spent in this place.
 E = Time spent auto-exploring this place.
 F = Levels seen in this place.
 G = Mean time per level.
                   A        B        C        D        E       F      G
               +--------+--------+--------+--------+--------+-----+--------+
         Total |   1323 |   1292 |     31 |    239 |    836 |   2 |  661.5 |
       Dungeon |   1323 |   1292 |     31 |    239 |    836 |   2 |  661.5 |
               +--------+--------+--------+--------+--------+-----+--------+

Top non-repeatable levels by time:
     D:1: 1179 daAuts
     D:2: 144 daAuts
